 Dungeon Crawl Stone Soup version 0.18.1-48-g4cf74bf (webtiles) character file.

104 Lennu the Digger (level 4, -4/25 HPs)
             Began as a Gargoyle Earth Elementalist on June 29, 2016.
             Slain by Sigmund
             ... wielding a +0 scythe of pain
              (11 damage)
             ... on level 3 of the Dungeon.
             The game lasted 00:13:25 (2129 turns).

Lennu the Digger (Gargoyle Earth Elementalist)      Turns: 2129, Time: 00:13:25

Health: -4/25      AC:  9    Str: 12    XL:     4   Next: 80%
Magic:  7/7        EV: 12    Int: 16    God:
Gold:   90         SH:  0    Dex: 10    Spells: 2 memorised, 4 levels left

rFire  . . .     SeeInvis .     o - -2 whip (curse)
rCold  . . .     Gourm    .     t - +0 animal skin
rNeg   + . .     Faith    .     (no shield)
rPois  ∞         Spirit   .     (no helmet)
rElec  +         Dismiss  .     i - +0 cloak
rCorr  .         Reflect  .     s - +2 pair of gloves
SustAt .         Harm     .     (no boots)
MR     .....                    (no amulet)
Stlth  +.........               (no ring)
                                (no ring)

@: confused, not resistant to hostile enchantments, very unstealthy
A: negative energy resistance 1, electricity resistance, unbreathing,
petrification resistance, rot immunity, AC +3
a: no special abilities


You were on level 3 of the Dungeon.
You were hungry.

You visited 1 branch of the dungeon, and saw 3 of its levels.

You collected 90 gold pieces.

Inventory:

Hand Weapons
 n - a +2 whip of draining
 o - a cursed -2 whip (weapon)
Missiles
 b - 67 stones (quivered)
Armour
 a - a +0 robe
 i - a +0 cloak (worn)
 k - a +0 leather armour
 s - a +2 pair of gloves (worn)
 t - a +0 animal skin (worn)
Scrolls
 l - 2 scrolls of identify
 p - a scroll of random uselessness
Potions
 h - a potion of agility {unknown}
 j - 4 potions of curing
 m - a potion of resistance {unknown}
 q - 2 potions of haste {unknown}
Books
 c - a book of Geomancy

   Spells                             Type                      Level
   a - Sandblast                      Earth                        1
   b - Passwall                       Transmutation/Earth          2
   c - Stone Arrow                    Conjuration/Earth            3
   d - Petrify                        Transmutation/Earth          4
   e - Lee's Rapid Deconstruction     Earth                        5
Comestibles
 d - 4 bread rations
 f - a meat ration


   Skills:
 * Level 1.0 Fighting
 * Level 1.4 Armour
 * Level 2.2 Dodging
 * Level 2.4 Stealth
 + Level 2.5 Spellcasting
   Level 0.7 Transmutations
 * Level 4.7 Earth Magic


You had 4 spell levels left.
You knew the following spells:

 Your Spells              Type           Power        Failure   Level  Hunger
a - Sandblast             Erth           ###...       3%          1    #......
b - Stone Arrow           Conj/Erth      #.....       21%         3    ###....


Dungeon Overview and Level Annotations

Branches:
Dungeon (3/15)

Altars:
Ru
Trog

Annotations:
D:3 Sigmund


Innate Abilities, Weirdness & Mutations

You are resistant to torment.
Your stone body is resilient (AC +3).
You are immune to poison.
You resist negative energy.
You are resistant to electric shocks.
You can survive without breathing.
You are immune to petrification.
You are immune to rotting.


Message History

The quokka bites you. Sigmund closely misses you. The kobold barely misses you.
You hit the kobold but do no damage. The adder closely misses you.
The quokka bites you. The kobold hits you but does no damage.
The adder misses you.
You closely miss the kobold. Sigmund barely misses you.
The adder closely misses you. The quokka barely misses you.
The kobold closely misses you.
You barely miss the kobold. The adder bites you. The quokka closely misses you.
Sigmund hits you from afar with a scythe of pain!
* * * LOW HITPOINT WARNING * * *
The kobold barely misses you. The adder closely misses you.
You hit the kobold.
You kill the kobold!
The quokka bites you but does no damage.
The adder bites you but does no damage. The quokka barely misses you.
Sigmund points at you and mumbles some strange words.
You are confused.
You barely miss Sigmund. The adder completely misses you.
Sigmund hits you with a scythe of pain!
You die...

..........*,,,,,,,,,,,,,,,,,,,,**
.....#..........,,,,,,,,,,,,,,,,*
.#.....##.......,,*****,,,,,,,,,,
...#....,..#....,.#* #[..,,,,,,,
.#.#....#.......*,.####..,,,,,.,,
##..............,,,...#.#,,,,..,,
,,,,,,,,,.......##*,....#*,,...,,
****,,,,**#......####...#*,....,,
*,,,,**#....@@S..##..##.....,,
*,,,,,#..#...#r...........r.,,
*,,,,,,,*#.%....(....#..<,,,,,
*****,,**#########.%.#,,,,,,,,
*,,,* ##....#,,,,**,,
*******,*,** ##....##**,,***,
*,,,,,,,,,,* #..<### *,,,,,*
*,,,,,,,,,,*#####...# ***,,,,
*,,,,,,,,,,*#......## **,,,


You could see Sigmund, an adder and a quokka.

Vanquished Creatures
  A killer bee zombie (D:3)
  4 adders
  An ooze (D:1)
  A dart slug (D:1)
  An orc (D:3)
  A giant cockroach (D:2)
  5 goblins
  5 hobgoblins
  2 jackals (D:1)
  A quokka (D:3)
  3 ball pythons
  7 bats
  2 giant newts
  4 kobolds
  6 rats
44 creatures vanquished.

Vanquished Creatures (others)
  A giant gecko (D:1)
  A hobgoblin (D:1)
2 creatures vanquished.

Grand Total: 46 creatures vanquished

Notes
Turn   | Place    | Note
--------------------------------------------------------------
     0 | D:1      | Lennu the Gargoyle Earth Elementalist began the quest for the Orb.
     0 | D:1      | Reached XP level 1. HP: 10/10 MP: 3/3
   159 | D:1      | Reached XP level 2. HP: 14/15 MP: 5/5
   377 | D:1      | Reached skill level 4 in Earth Magic
   636 | D:1      | Reached XP level 3. HP: 19/19 MP: 6/6
   814 | D:1      | Learned a level 3 spell: Stone Arrow
  1043 | D:2      | Found a bloodstained altar of Trog.
  1136 | D:2      | Found a sacrificial altar of Ru.
  1266 | D:3      | Found a faded altar to an unknown god.
  1271 | D:3      | Reached skill level 1 in Armour
  1278 | D:3      | Reached XP level 4. HP: 9/24 MP: 1/7
  1650 | D:3      | Noticed Sigmund
  1873 | D:3      | Reached skill level 1 in Fighting
  2129 | D:3      | Slain by Sigmund

Skill      XL: |  1  2  3  4 |
---------------+-------------+-----
Earth Magic    | 4 |  4.7
Dodging        | 2 |  2.2
Armour         | 1 |  1.4
Fighting       | 1 |  1.0
Stealth        | |  2.4
Spellcasting   | |  2.5
Transmutations | |  0.7

Action                   |  1- 3 |  4- 6 || total
-------------------------+-------+-------++-------
Melee: Spear             |    18 |       ||    18
       Whip              |    44 |    55 ||    99
 Cast: Sandblast         |    29 |    15 ||    44
  Use: Scroll            |       |     5 ||     5
  Eat: Chunk             |     2 |     2 ||     4
Armor: Robe              |     3 |       ||     3
       Leather armour    |    18 |       ||    18
       Animal skin       |    14 |    31 ||    45
Dodge: Dodged            |    51 |    60 ||   111
